 Dungeon Crawl Stone Soup version 0.27-a0-1036-g8e1b44f6bd (webtiles) character file.

Game seed: 6387514124146796774

475 pkoi the Ruffian (level 6, -3/56 HPs)
             Began as a Minotaur Monk on Apr 19, 2021.
             Was a Believer of Okawaru.
             Slain by Duvessa
             ... wielding a +0 short sword
              (4 damage)
             ... on level 4 of the Dungeon.
             The game lasted 00:04:19 (3229 turns).

pkoi the Ruffian (Minotaur Monk)                    Turns: 3229, Time: 00:04:20

Health: -3/56      AC:  3    Str: 15 (17) XL:     6   Next: 84%
Magic:  5/5        EV: 12    Int:  6 (7)  God:    Okawaru [**....]
Gold:   100        SH:  0    Dex: 10 (13) Spells: 5/5 levels left

rFire    . . .     SeeInvis .     - Unarmed
rCold    . . .     Faith    .   (no shield)
rNeg     . . .     Spirit   .   a - +1 robe
rPois    .         Reflect  .   (helmet restricted)
rElec    .         Harm     .   (no cloak)
rCorr    .         Rampage  .   (no gloves)
Will     .....                  (no boots)
Stlth    ++........             j - amulet of regeneration
HPRegen  1.18/turn              (no ring)
MPRegen  0.09/turn              (no ring)

@: lethally poisoned (-3 -> -4)
A: horns 2, retaliatory headbutt
a: Renounce Religion, Heroism


You were on level 4 of the Dungeon.
You worshipped Okawaru.
Okawaru was pleased with you.
You visited 1 branch of the dungeon, and saw 4 of its levels.

You collected 100 gold pieces.

Inventory:

Hand Weapons
 n - a +0 dagger of venom
Missiles
 e - 16 poisoned darts (quivered)
Armour
 a - a +1 robe (worn)
Jewellery
 g - an amulet of guardian spirit
 j - an amulet of regeneration (around neck)
Wands
 p - a wand of flame (18)
Scrolls
 b - a scroll of fear
 f - a scroll of amnesia
 m - a scroll of teleportation
Potions
 c - 2 potions of curing
 k - 3 potions of brilliance


   Skills:
 + Level 5.0 Fighting
 + Level 3.0 Armour
 - Level 3.2 Dodging
 - Level 1.5 Stealth
 * Level 7.3 Unarmed Combat
 + Level 0.2 Invocations


You had 5 spell levels left.
You didn't know any spells.
Your spell library was empty.

Dungeon Overview and Level Annotations

Branches:
Dungeon (4/15)
 Temple: D:4-7

Altars:
Okawaru
The Shining One

Annotations:
D:4 Dowan, Duvessa


Innate Abilities, Weirdness & Mutations

You have a pair of horns on your head.
You reflexively headbutt those who attack you in melee.


Message History

You completely miss Duvessa.
Duvessa is moderately wounded.
You feel sick. Duvessa hits you with a +0 short sword!
Dowan says, "Magic and the sword, together, will defeat you."
Dowan barely misses you. You furiously retaliate!
You headbutt Dowan!
You are too injured to fight recklessly!
You are too injured to fight recklessly!
You are too injured to fight recklessly!
You are too injured to fight recklessly!
You are too injured to fight recklessly!
You are too injured to fight recklessly!
You are too injured to fight recklessly!
You are too injured to fight recklessly!
You are too injured to fight recklessly!
You are too injured to fight recklessly!
You are too injured to fight recklessly!
You are too injured to fight recklessly!
Unknown command.
You feel very sick.
You hit Duvessa but do no damage. You headbutt Duvessa.
Duvessa is moderately wounded.
You feel sick. Duvessa hits you with a +0 short sword!
* * * LOW HITPOINT WARNING * * *
You barely miss Duvessa. Your punch misses Duvessa.
Duvessa is moderately wounded.
You feel sick. Duvessa closely misses you.
You punch Duvessa!
Duvessa is heavily wounded.
You feel sick. Duvessa hits you with a +0 short sword.
* * * LOW HITPOINT WARNING * * *
Unknown command.
It was a potion of magic.
Magic courses through your body.
You feel sick. Duvessa hits you with a +0 short sword!
* * * LOW HITPOINT WARNING * * *
It was a potion of degeneration.
There was something very wrong with that liquid.
You feel weakened.
You feel dopey.
You feel clumsy.
* * * LOW HITPOINT WARNING * * *
You feel sick. Duvessa hits you with a +0 short sword.
You die...

#<.......#.#
#.#.#....#.# ###
#.#........#
..##.#.#....###
#....#.#.#....##
####....#...#.....#
#.....e.#.#.#.##..#
#e##.###..#..#
#@##...#..(..#
#.##.#.#..#.##
#....#....#...
#.........####.####.#
#.........# #.# #
#.....#..... ..#
#.....#.#.######
#...###.#.# ####
#...#


You could see Duvessa and Dowan.

Vanquished Creatures
  Grinder (D:3)
  A jelly (D:4)
  Terence (D:2)
  An iguana (D:2)
  Natasha (twice) (D:2)
  Robin (D:2)
  4 adders
  2 worms
  5 dart slugs
  7 orcs
  8 endoplasms
  2 giant cockroaches
  5 hobgoblins
  4 jackals (D:2)
  9 ball pythons
  2 bats
  4 frilled lizards
  20 goblins
  6 kobolds
  3 rats (D:2)
88 creatures vanquished.

Notes
Turn   | Place    | Note
-------+----------+-------------------------------------------
     0 | D:1      | pkoi the Minotaur Monk began the quest for the Orb.
     0 | D:1      | Reached XP level 1. HP: 19/19 MP: 0/0
   430 | D:1      | Reached XP level 2. HP: 13/26 MP: 1/1
   436 | D:1      | Reached skill level 4 in Unarmed Combat
  1288 | D:2      | Reached XP level 3. HP: 31/31 MP: 2/2
  1332 | D:2      | Reached skill level 5 in Unarmed Combat
  1489 | D:2      | Reached XP level 4. HP: 14/39 MP: 3/3
  1565 | D:2      | Noticed Robin
  1660 | D:2      | Killed Robin
  1753 | D:2      | Reached skill level 6 in Unarmed Combat
  1852 | D:2      | Noticed Natasha
  1859 | D:2      | Killed Natasha
  1860 | D:2      | Reached skill level 1 in Armour
  1860 | D:2      | Reached XP level 5. HP: 42/46 MP: 4/4
  2092 | D:2      | Noticed Terence
  2121 | D:2      | Killed Terence
  2235 | D:2      | Noticed Natasha
  2243 | D:2      | Killed Natasha
  2577 | D:3      | Noticed Grinder
  2597 | D:3      | Killed Grinder
  2598 | D:3      | Reached skill level 7 in Unarmed Combat
  2598 | D:3      | Reached XP level 6. HP: 35/55 MP: 5/5
  2891 | D:3      | Found a glowing golden altar of the Shining One.
  2891 | D:3      | Found an iron altar of Okawaru.
  2975 | D:3      | Became a worshipper of Warmaster Okawaru
  2975 | D:3      | Reached * piety under Okawaru
  2975 | D:3      | Reached ** piety under Okawaru
  3028 | D:4      | Noticed Duvessa
  3028 | D:4      | Noticed Dowan
  3116 | D:4      | Reached skill level 5 in Fighting
  3228 | D:4      | HP: 1/56 [Duvessa/+0 short sword (7)]
  3229 | D:4      | Slain by Duvessa

Illustrated notes

Levels and vault maps discovered:
D:1:      onia_arrival_pyramid, layout_basic, minmay_tromino_v4_b
D:2:      kennysheep_six_static_rooms, layout_basic, uniq_natasha, uniq_robin,
          uniq_terence
D:3:      layout_basic, amethyst_overflow_temple_binary, uniq_grinder
D:4:      minmay_chambers_of_twos, layout_basic, marbit_many_paths,
          serial_shops, shop, minmay_fire_ice_demons, uniq_menkaure,
          uniq_duvessa, uniq_blork_the_orc

Skill      XL: |  1  2  3  4  5  6 |
---------------+-------------------+-----
Unarmed Combat | 4 5 6 7 |  7.3
Armour         | 1 2 3 |  3.0
Fighting       | 4 5 |  5.0
Dodging        | |  3.2
Stealth        | |  1.5
Invocations    | |  0.2

Action                   |  1- 3 |  4- 6 || total
-------------------------+-------+-------++-------
Melee: Unarmed           |    57 |   146 ||   203
       Headbutt          |     8 |    22 ||    30
       Punch             |       |     8 ||     8
       Dagger            |       |    10 ||    10
Throw: Dart              |     4 |     1 ||     5
  Use: Scroll            |     1 |     6 ||     7
       Potion            |       |     7 ||     7
 Stab: Sleeping          |     4 |     2 ||     6
Armor: Robe              |     5 |    12 ||    17
Dodge: Dodged            |    29 |    81 ||   110

Table legend: (Time is in decaauts)
 A = Elapsed time spent in this place.
 B = Non-inter-level travel time spent in this place.
 C = Inter-level travel time spent in this place.
 D = Time resting spent in this place.
 E = Time spent auto-exploring this place.
 F = Levels seen in this place.
 G = Mean time per level.
                   A        B        C        D        E       F      G
               +--------+--------+--------+--------+--------+-----+--------+
         Total |   3215 |   2999 |    216 |    338 |   2097 |   4 |  803.8 |
       Dungeon |   3215 |   2999 |    216 |    338 |   2097 |   4 |  803.8 |
               +--------+--------+--------+--------+--------+-----+--------+

Top non-repeatable levels by time:
     D:2: 1151 daAuts
     D:1: 1120 daAuts
     D:3: 811 daAuts
     D:4: 132 daAuts
